AAA
FLUSHING CHIEFS @ TRENTON LIBERTY
06/04/2060
 
TOP OF THE 1ST
Flushing Chiefs batting - Pitching for Trenton Liberty : RHP Henry Ashburn
Pitching: RHP Henry Ashburn
Batting: RHB Wyatt Steinauer 0-0: Ball
1-0: Ball
2-0: Ball
3-0: Base on Balls
Batting: RHB Venric Udaka 0-0: Called Strike
0-1: Fly out, F7 (Flyball, 7, EV 90.0 MPH)
Batting: RHB Adrien Mondragon 0-0: Called Strike
0-1: Foul Ball, location: 2F
0-2: Ball
1-2: Strikes out swinging
Batting: RHB Isaac Bonner 0-0: Swinging Strike
0-1: SINGLE (Groundball, 56D, EV 107.5 MPH)
Wyatt Steinauer to second
Batting: RHB Carleton Trew 0-0: Ball
1-0: Called Strike
1-1: Foul Ball, location: 2F
1-2: Ball
2-2: SINGLE (Groundball, 4MD, EV 106.2 MPH)
Wyatt Steinauer to third
Isaac Bonner to second
Batting: RHB Dalton Kraut 0-0: Ball
1-0: Called Strike
1-1: Called Strike
1-2: Fly out, F6 (Popup, 6MS, EV 71.2 MPH)
Top of the 1st over - 0 runs, 2 hits, 0 errors, 3 left on base; Flushing 0 - Trenton 0
BOTTOM OF THE 1ST
Trenton Liberty batting - Pitching for Flushing Chiefs : RHP Pierria Prado
Pitching: RHP Pierria Prado
Batting: RHB Walter Muller 0-0: Ball
1-0: Foul Ball, location: 2F
1-1: Ball
2-1: SINGLE (Line Drive, 8LS, EV 108.1 MPH)
Batting: RHB Brooks Neuman 0-0: Ball
1-0: Foul Ball, location: 2F
1-1: Ball
2-1: Foul Ball, location: 2F
2-2: Foul Ball, location: 2F
2-2: SINGLE (Groundball, 6MD, EV 96.9 MPH)
Walter Muller to second
Runner from 2nd tries for 3rd, SAFE, throw by CF made to third
Brooks Neuman to second
Batting: LHB Marc Kreischer 0-0: Fly out, F8 (Flyball, 8RD, EV 89.4 MPH)
Runner from 3rd tags up, SCORES, throw by CF
Brooks Neuman to third
Batting: LHB Troy Glenn 0-0: Ball
1-0: Foul Ball, location: 2F
1-1: Ground out 5-3 (Groundball, 15, EV 87.5 MPH)
Brooks Neuman scores
Batting: RHB Willy Ellison 0-0: Ball
1-0: Ball
2-0: SINGLE (Line Drive, 7S, EV 99.4 MPH)
Batting: LHB Rob Weeks 0-0: Foul Ball, location: 2F
0-1: Ground out 1-3 (Groundball, 13S, EV 68.8 MPH)
Bottom of the 1st over - 2 runs, 3 hits, 0 errors, 1 left on base; Flushing 0 - Trenton 2
TOP OF THE 2ND
Flushing Chiefs batting - Pitching for Trenton Liberty : RHP Henry Ashburn
Batting: LHB Gage Berube 0-0: Ball
1-0: Called Strike
1-1: Ball
2-1: Foul Ball, location: 2F
2-2: Strikes out swinging
Batting: RHB Vance Thompson 0-0: Ball
1-0: Called Strike
1-1: Ball
2-1: Ball
3-1: Ground out 4-3 (Groundball, 4, EV 106.2 MPH)
Batting: RHB Mason Dvorak 0-0: Ball
1-0: Called Strike
1-1: Ball
2-1: Ball
3-1: Foul Ball, location: 2F
3-2: Ground out 5-3 (Groundball, 56, EV 78.8 MPH)
Top of the 2nd over - 0 runs, 0 hits, 0 errors, 0 left on base; Flushing 0 - Trenton 2
BOTTOM OF THE 2ND
Trenton Liberty batting - Pitching for Flushing Chiefs : RHP Pierria Prado
Batting: RHB Brenden Wendt 0-0: Ball
1-0: Called Strike
1-1: Ball
2-1: Foul Ball, location: 2F
2-2: Ball
3-2: Foul Ball, location: 2F
3-2: SINGLE (Groundball, 56D, EV 95.0 MPH)
Batting: RHB Greg Gardiner 0-0: Ball
1-0: Called Strike
1-1: Ground out 5-3 (Groundball, 56S, EV 65.6 MPH)
Brenden Wendt to second
Batting: RHB Connor Weber 0-0: Ball
1-0: Ground out 5-3 (Groundball, 56, EV 88.1 MPH)
Batting: RHB Walter Muller 0-0: Called Strike
0-1: Called Strike
0-2: Strikes out swinging
Bottom of the 2nd over - 0 runs, 1 hit, 0 errors, 1 left on base; Flushing 0 - Trenton 2
TOP OF THE 3RD
Flushing Chiefs batting - Pitching for Trenton Liberty : RHP Henry Ashburn
Batting: RHB Wyatt Steinauer 0-0: Called Strike
0-1: Ball
1-1: Swinging Strike
1-2: Strikes out swinging
Batting: RHB Venric Udaka 0-0: Foul Ball, location: 2F
0-1: Ball
1-1: Foul Ball, location: 2F
1-2: Strikes out swinging
Batting: RHB Adrien Mondragon 0-0: Called Strike
0-1: Ground out 4-3 (Groundball, 4MD, EV 109.4 MPH)
Top of the 3rd over - 0 runs, 0 hits, 0 errors, 0 left on base; Flushing 0 - Trenton 2
BOTTOM OF THE 3RD
Trenton Liberty batting - Pitching for Flushing Chiefs : RHP Pierria Prado
Batting: RHB Brooks Neuman 0-0: Swinging Strike
0-1: Ball
1-1: Foul Ball, location: 2F
1-2: Strikes out swinging
Batting: LHB Marc Kreischer 0-0: Called Strike
0-1: Ball
1-1: Foul Ball, location: 2F
1-2: Ball
2-2: Foul Ball, location: 2F
2-2: Ball
3-2: DOUBLE (Flyball, 8LXD, EV 114.4 MPH)
Batting: LHB Troy Glenn 0-0: SINGLE (Groundball, 34D, EV 95.6 MPH)
Marc Kreischer to third
Runner from 3rd tries for Home, SAFE, throw by RF to home
Batting: RHB Willy Ellison 0-0: Ball
1-0: Called Strike
1-1: Ball
2-1: Foul Ball, location: 2F
2-2: Foul Ball, location: 2F
2-2: Ball
3-2: Fly out, F9 (Flyball, 89S, EV 85.6 MPH)
Batting: LHB Rob Weeks 0-0: Foul Ball, location: 2F
0-1: Ball
1-1: Ground out 4-3 (Groundball, 4, EV 81.2 MPH)
Bottom of the 3rd over - 1 run, 2 hits, 0 errors, 1 left on base; Flushing 0 - Trenton 3
TOP OF THE 4TH
Flushing Chiefs batting - Pitching for Trenton Liberty : RHP Henry Ashburn
Batting: RHB Isaac Bonner 0-0: Ball
1-0: Called Strike
1-1: Fly out, F7 (Flyball, 7, EV 88.8 MPH)
Batting: RHB Carleton Trew 0-0: Swinging Strike
0-1: Foul Ball, location: 2F
0-2: Strikes out swinging
Batting: RHB Dalton Kraut 0-0: Called Strike
0-1: Reached via error on a dropped throw from 1B, E1 (Groundball, 34, EV 82.5 MPH)
Batting: LHB Gage Berube 0-0: Foul Ball, location: 2F
0-1: SINGLE (Groundball, 6MD, EV 102.5 MPH)
Dalton Kraut to second
Runner from 2nd tries for 3rd, SAFE, throw by CF made to third
Batting: RHB Vance Thompson 0-0: Ground out 4-3 (Groundball, 4, EV 84.4 MPH)
Top of the 4th over - 0 runs, 1 hit, 1 error, 2 left on base; Flushing 0 - Trenton 3
BOTTOM OF THE 4TH
Trenton Liberty batting - Pitching for Flushing Chiefs : RHP Pierria Prado
Batting: RHB Brenden Wendt 0-0: Called Strike
0-1: Called Strike
0-2: Ball
1-2: Ball
2-2: Ball
3-2: Base on Balls
Batting: RHB Greg Gardiner 0-0: Called Strike
0-1: Grounds into double play, 6-4-3 (Groundball, 6, EV 84.4 MPH)
Batting: RHB Connor Weber 0-0: Ball
1-0: Ball
2-0: Called Strike
2-1: Called Strike
2-2: Strikes out swinging
Bottom of the 4th over - 0 runs, 0 hits, 0 errors, 0 left on base; Flushing 0 - Trenton 3
TOP OF THE 5TH
Flushing Chiefs batting - Pitching for Trenton Liberty : RHP Henry Ashburn
Batting: RHB Mason Dvorak 0-0: Ball
1-0: Called Strike
1-1: Ball
2-1: Foul Ball, location: 2F
2-2: Strikes out swinging
Batting: RHB Wyatt Steinauer 0-0: Swinging Strike
0-1: Called Strike
0-2: Ground out 6-3 (Groundball, 6, EV 85.6 MPH)
Batting: RHB Venric Udaka 0-0: Called Strike
0-1: Foul Ball, location: 2F
0-2: Ball
1-2: Ball
2-2: Ball
3-2: SOLO HOME RUN (Flyball, 78XD, EV 103.1 MPH), Distance : 403 ft
Batting: RHB Adrien Mondragon 0-0: Ball
1-0: SINGLE (Groundball, 4M, EV 107.5 MPH) (infield hit)
Batting: RHB Isaac Bonner 0-0: Called Strike
0-1: Ball
1-1: Called Strike
1-2: Strikes out swinging
Top of the 5th over - 1 run, 2 hits, 0 errors, 1 left on base; Flushing 1 - Trenton 3
BOTTOM OF THE 5TH
Trenton Liberty batting - Pitching for Flushing Chiefs : RHP Pierria Prado
Batting: RHB Walter Muller 0-0: Ball
1-0: Swinging Strike
1-1: Foul Ball, location: 2F
1-2: Strikes out swinging
Batting: RHB Brooks Neuman 0-0: Ball
1-0: SINGLE (Line Drive, 5D, EV 110.6 MPH)
Batting: LHB Marc Kreischer 0-0: DOUBLE (Flyball, 8RXD, EV 111.9 MPH)
Brooks Neuman to third
Runner from 3rd tries for Home, SAFE, throw by CF to home
Batting: LHB Troy Glenn 0-0: Called Strike
0-1: Swinging Strike
0-2: Ball
1-2: Ball
2-2: Ball
3-2: Base on Balls
Batting: RHB Willy Ellison 0-0: Swinging Strike
0-1: Hit by Pitch
Marc Kreischer to third
Troy Glenn to second
Batting: LHB Rob Weeks 0-0: Ball
1-0: Ball
2-0: SINGLE (Groundball, 15S, EV 70.0 MPH) (infield hit)
Marc Kreischer scores
Troy Glenn to third
Willy Ellison to second
Pitching: RHP Asher Walker
Batting: RHB Brenden Wendt 0-0: Called Strike
0-1: Fly out, F9 (Flyball, 89M, EV 83.1 MPH)
Batting: RHB Greg Gardiner 0-0: Fly out, F7 (Line Drive, 7, EV 90.6 MPH)
Bottom of the 5th over - 2 runs, 3 hits, 0 errors, 3 left on base; Flushing 1 - Trenton 5
TOP OF THE 6TH
Flushing Chiefs batting - Pitching for Trenton Liberty : RHP Henry Ashburn
Batting: RHB Carleton Trew 0-0: Called Strike
0-1: Ground out 2-3 (Groundball, 2L, EV 63.8 MPH)
Batting: RHB Dalton Kraut 0-0: Called Strike
0-1: Ball
1-1: Ball
2-1: Foul Ball, location: 2F
2-2: Ball
3-2: Strikes out swinging
Batting: LHB Gage Berube 0-0: Ball
1-0: Called Strike
1-1: Ball
2-1: Swinging Strike
2-2: Ground out 5-3 (Groundball, 5L, EV 86.2 MPH)
Top of the 6th over - 0 runs, 0 hits, 0 errors, 0 left on base; Flushing 1 - Trenton 5
BOTTOM OF THE 6TH
Trenton Liberty batting - Pitching for Flushing Chiefs : RHP Asher Walker
Batting: RHB Connor Weber 0-0: Ball
1-0: Ball
2-0: Foul Ball, location: 2F
2-1: Called Strike
2-2: Foul Ball, location: 2F
2-2: Foul Ball, location: 2F
2-2: Strikes out swinging
Batting: RHB Walter Muller 0-0: Ball
1-0: Foul Ball, location: 2F
1-1: Ball
2-1: Foul Ball, location: 2F
2-2: Foul Ball, location: 2F
2-2: Ball
3-2: Base on Balls
Batting: RHB Brooks Neuman 0-0: Called Strike
Walter Muller steals 2nd base
0-1: Ball
1-1: Ball
2-1: Foul Ball, location: 2F
2-2: Foul Ball, location: 2F
2-2: Strikes out swinging
Batting: LHB Marc Kreischer 0-0: Ball
1-0: Called Strike
1-1: Foul Ball, location: 2F
1-2: Fly out, F8 (Flyball, 8LS, EV 67.5 MPH)
Bottom of the 6th over - 0 runs, 0 hits, 0 errors, 1 left on base; Flushing 1 - Trenton 5
TOP OF THE 7TH
Flushing Chiefs batting - Pitching for Trenton Liberty : RHP Henry Ashburn
Pitching: RHP Devin Perlin
Batting: RHB Vance Thompson 0-0: Called Strike
0-1: DOUBLE (Flyball, 8LXD, EV 110.0 MPH)
Batting: RHB Mason Dvorak 0-0: Ball
1-0: Called Strike
1-1: Ball
2-1: Swinging Strike
2-2: Ball
3-2: Strikes out swinging
Batting: RHB Wyatt Steinauer 0-0: Ground out 6-3 (Groundball, 6MS, EV 80.6 MPH)
Vance Thompson to third
Batting: RHB Venric Udaka 0-0: Foul Ball, location: 2F
0-1: Fly out, F8 (Flyball, 8LD, EV 90.6 MPH)
Top of the 7th over - 0 runs, 1 hit, 0 errors, 1 left on base; Flushing 1 - Trenton 5
BOTTOM OF THE 7TH
Trenton Liberty batting - Pitching for Flushing Chiefs : RHP Asher Walker
Batting: LHB Troy Glenn 0-0: Ball
1-0: DOUBLE (Line Drive, 3D, EV 100.6 MPH)
Batting: RHB Willy Ellison 0-0: Ball
Wild Pitch!
Troy Glenn to third
1-0: Ball
2-0: Foul Ball, location: 2F
2-1: Swinging Strike
2-2: Foul Ball, location: 2F
2-2: Ball
3-2: Ground out 4-3 (Groundball, 4, EV 95.6 MPH)
Troy Glenn scores
Batting: LHB Rob Weeks 0-0: Ball
1-0: Called Strike
1-1: Ground out 1-3 (Groundball, 13, EV 64.4 MPH)
Batting: RHB Brenden Wendt 0-0: Ground out 5-3 (Groundball, 56, EV 101.2 MPH)
Bottom of the 7th over - 1 run, 1 hit, 0 errors, 0 left on base; Flushing 1 - Trenton 6
TOP OF THE 8TH
Flushing Chiefs batting - Pitching for Trenton Liberty : RHP Devin Perlin
Batting: RHB Adrien Mondragon 0-0: Ball
1-0: Ball
2-0: Ball
3-0: Called Strike
3-1: Foul Ball, location: 2F
3-2: SINGLE (Flyball, 89S, EV 89.4 MPH)
Batting: RHB Isaac Bonner 0-0: Ball
1-0: Ball
2-0: Ball
3-0: Called Strike
3-1: Foul Ball, location: 2F
3-2: DOUBLE (Flyball, 8RXD, EV 91.2 MPH)
Adrien Mondragon to third
Runner from 3rd tries for Home, SAFE, throw by CF to trailing runner, OUT at third! 8-3-5
Batting: RHB Carleton Trew 0-0: Ball
1-0: Ball
2-0: Ball
3-0: Base on Balls
Batting: RHB Dalton Kraut 0-0: Swinging Strike
0-1: Ball
1-1: Ball
Wild Pitch!
Carleton Trew to second
2-1: Swinging Strike
2-2: Ball
3-2: Fly out, F9 (Flyball, 89M, EV 93.1 MPH)
Batting: LHB Gage Berube 0-0: Called Strike
0-1: Ball
1-1: SINGLE (Line Drive, 9LM, EV 100.6 MPH)
Carleton Trew to third
Runner from 3rd tries for Home, SAFE, throw by RF to home
Batting: RHB Vance Thompson 0-0: Swinging Strike
0-1: Foul Ball, location: 2F
0-2: Strikes out swinging
Top of the 8th over - 2 runs, 3 hits, 0 errors, 1 left on base; Flushing 3 - Trenton 6
BOTTOM OF THE 8TH
Trenton Liberty batting - Pitching for Flushing Chiefs : RHP Asher Walker
Batting: RHB Greg Gardiner 0-0: Called Strike
0-1: Ground out U3 (Groundball, 3, EV 86.9 MPH)
Batting: RHB Connor Weber 0-0: Ball
1-0: Foul Ball, location: 2F
1-1: Foul Ball, location: 2F
1-2: Strikes out swinging
Batting: RHB Walter Muller 0-0: Ball
1-0: Ball
2-0: Ball
3-0: Base on Balls
Batting: RHB Brooks Neuman 0-0: Ball
Walter Muller is caught stealing 2nd base 2-4
Bottom of the 8th over - 0 runs, 0 hits, 0 errors, 0 left on base; Flushing 3 - Trenton 6
TOP OF THE 9TH
Flushing Chiefs batting - Pitching for Trenton Liberty : RHP Devin Perlin
Batting: RHB Mason Dvorak 0-0: Ball
1-0: Swinging Strike
1-1: Foul Ball, location: 2F
1-2: Ball
2-2: Foul Ball, location: 2F
2-2: Fly out, F1 (Line Drive, P, EV 66.9 MPH)
Batting: RHB Wyatt Steinauer 0-0: Called Strike
0-1: Ball
1-1: Ball
2-1: DOUBLE (Line Drive, 78M, EV 94.4 MPH)
Pitching: LHP James Murray
Batting: RHB Venric Udaka 0-0: Ball
1-0: Called Strike
1-1: Ground out 4-3 (Groundball, 4, EV 91.9 MPH)
Wyatt Steinauer to third
Batting: RHB Adrien Mondragon 0-0: Foul Ball, location: 2F
0-1: Ball
1-1: Foul Ball, location: 2F
1-2: Foul Ball, location: 2F
1-2: Strikes out swinging
Top of the 9th over - 0 runs, 1 hit, 0 errors, 1 left on base; Flushing 3 - Trenton 6
Sunday, May 5th , 2024 - OOTP Baseball 23.10 Build 110